 Dungeon Sprint DCSS version 0.17-b1-25-g6d8775f (webtiles) character file.

94363 Kidiri the Imperceptible (level 15, -10/81 HPs)
             Began as a Spriggan Enchanter on Nov 5, 2015.
             Was the Champion of Dithmenos.
             Mangled by a reaper (38 damage)
             ... summoned by a mummy priest's death curse
             ... in the Dungeon (Sprint III: "The Ten Rune Challenge").
             The game lasted 00:41:33 (8659 turns).

Kidiri the Imperceptible (Spriggan Enchanter)       Turns: 8659, Time: 00:41:33

Health: -10/81     AC:  8    Str:  8    XL:     15   Next: 26%
Magic:  25/48      EV: 35    Int: 25    God:    Dithmenos [******]
Gold:   952        SH:  0    Dex: 16    Spells: 13 memorised, 12 levels left

rFire  + . .     SeeInvis +     w - +5 short sword of Kismet {pierce, rElec rC+}
rCold  + . .     Clarity  .     y - +2 robe {rPois}
rNeg   + . .     SustAt   .     (shield restricted)
rPois  +         Gourm    .     v - +2 hat {Int+3}
rElec  +         Spirit   .     E - +0 cloak of Heresy {+Inv rF+ rN+ Int-4}
rCorr  .         Warding  .     (gloves unavailable)
rMut   .         NoTele   +     (boots unavailable)
MR     +++++                    H - amulet of regeneration
Stlth  ++++++++++               M - ring "Ugufong" {rPois Int+5 Dex-3}
                                j - ring "Newidun" {*Drain MR+++ MP+9 Str+4 Stlth+}

@: wreathed by umbra, very quick, almost entirely resistant to hostile
enchantments, uncannily stealthy
A: unfitting armour, see invisible, herbivore 3, speed 3, slow metabolism 2
a: Shadow Step, Shadow Form, Renounce Religion, Evoke Invisibility
}: 1/10 runes: barnacled


You were in the Dungeon.
You worshipped Dithmenos.
Dithmenos was exalted by your worship.
You were not hungry.

You visited 1 branch You collected 2797 gold pieces.
You spent 1845 gold pieces at shops.

Inventory:

Hand Weapons
 w - the +5 short sword of Kismet (weapon) {pierce, rElec rC+}
   (You bought it in a shop in the Dungeon)

   It inflicts extra damage upon your enemies.
   It protects you from cold.
   It insulates you from electricity.
Missiles
 q - 11 throwing nets (quivered)
Armour
 v - a +2 hat of intelligence (worn)
 y - a +2 robe of poison resistance (worn)
 E - the +0 cloak of Heresy (worn) {+Inv rF+ rN+ Int-4}
   (You found it in the Dungeon)

   It affects your intelligence (-4).
   It protects you from fire.
   It protects you from negative energy.
   It lets you turn invisible.
 N - a +3 ice dragon armour
Jewellery
 a - an uncursed amulet of resist corrosion
 d - the ring "Lonlim" {*Corrode +Blink rPois Str+2 SInv}
   (You found it in the Dungeon)

   [ring of see invisible]

   It affects your strength (+2).
   It protects you from poison.
   It lets you see invisible.
   It lets you blink.
   It may corrode your equipment when you take damage.
 j - the ring "Newidun" (left hand) {*Drain MR+++ MP+9 Str+4 Stlth+}
   (You took it off a deep elf annihilator in the Dungeon)

   [ring of magical power]

   It affects your strength (+4).
   It affects your resistance to hostile enchantments.
   It affects your magic capacity (+9).
   It causes draining when unequipped.
   It makes you more stealthy.
 B - an uncursed amulet of faith
 H - an amulet of regeneration (around neck)
 M - the ring "Ugufong" (right hand) {rPois Int+5 Dex-3}
   (You took it off a deep elf high priest in the Dungeon)

   [ring of dexterity]

   It affects your intelligence (+5).
   It affects your dexterity (-3).
   It protects you from poison.
Wands
 k - a wand of magic darts (23)
 I - a wand of lightning (3)
Scrolls
 b - a scroll of identify
 l - a scroll of holy word
 m - a scroll of enchant weapon
 n - a scroll of remove curse
 x - 3 scrolls of amnesia
 z - a scroll of silence
Potions
 c - a potion of might
 e - 3 potions of agility
 f - a potion of heal wounds
 g - a potion of haste
 h - a potion of magic
 i - 2 potions of berserk rage
 o - 2 potions of flight
 s - a potion of brilliance
 t - 2 potions of cancellation
Comestibles
 r - 28 royal jellies
 u - 8 fruits


   Skills:
 + Level 10.4 Fighting
 * Level 17.9 Short Blades
 + Level 9.5 Armour
 * Level 21.9 Dodging
 * Level 23.6 Stealth
 * Level 19.1 Spellcasting
 + Level 9.4 Conjurations
 + Level 14.3 Hexes
 + Level 9.8 Charms
 + Level 13.2 Translocations
 + Level 10.3 Ice Magic
 + Level 6.3 Air Magic
 + Level 6.6 Poison Magic
 - Level 6.4 Invocations
 + Level 7.6 Evocations


You had 12 spell levels left.
You knew the following spells:

 Your Spells              Type           Power        Failure   Level  Hunger
a - Corona                Hex            #######      0%          1    None
b - Ensorcelled Hibernat  Hex/Ice        ######       1%          2    None
c - Confuse               Hex            #######.     0%          3    None
d - Tukima's Dance        Hex            #######.     0%          3    None
e - Dazzling Spray        Conj/Hex       ######..     1%          3    None
f - Apportation           Tloc           ######....   0%          1    None
h - Shroud of Golubria    Chrm/Tloc      ######....   1%          2    None
i - Passage of Golubria   Tloc           N/A          1%          4    None
j - Mephitic Cloud        Conj/Pois/Air  ######..     1%          3    None
k - Freezing Cloud        Conj/Ice/Air   ######....   12%         6    ###....
l - Poisonous Cloud       Conj/Pois/Air  ######....   17%         6    ###....
m - Repel Missiles        Chrm/Air       ######       1%          2    None
n - Cause Fear            Hex            #######...   1%          4    None


Dungeon Overview and Level Annotations

Branches:
Dungeon (1/1)

Altars:
Cheibriados
Dithmenos
Elyvilon
Fedhas
Gozag
Kikubaaqudgha
Makhleb
Nemelex Xobeh
Okawaru
Qazlal
Ru
Sif Muna
Trog
Vehumet
Xom
Yredelemnul
Zin
The Shining One
Jiyva
Lugonu

Shops:
D !:(%:(%}%}:[*[(?%!=


Innate Abilities, Weirdness & Mutations

You are tiny and cannot use many weapons and most armour.
You have supernaturally acute eyesight.
You are a herbivore.
You cover ground extremely quickly.
You need consume almost no food.


Message History

Aim: a reaper (heavily wounded, summoned, umbra)
The spray of energy hits the reaper.
The reaper is heavily wounded.
The reaper is dazzled.
Your scythe of venom hits the reaper.
The reaper is poisoned.
Casting: Dazzling Spray
Confirm with . or Enter, or press ? or * to list all spells.
Okay, then.
You hit the reaper but do no damage.
The reaper is heavily wounded.
Your shadow closely misses the reaper.
The reaper hits you!!
* * * LOW HITPOINT WARNING * * *
You emit a cloud of dark smoke.
You hit the reaper but do no damage.
The reaper is heavily wounded.
Your shadow hits the reaper but does no damage.
Unknown command.
Drink which item? (? for menu, Esc to quit)
You feel much better. The reaper hits you!!!
You die...

......#^....'...)#).#≈≈.#
......#.######...#..#≈≈.#
......#)).'..##..#^.'^..#
#######)).#...##.'.^#≈≈.#
≈≈≈≈**#####....###..#≈≈.#
≈≈,≈*,#.....^...[#..#≈≈.#
,,,≈*,▓†▓▓▓▓▓▓▓▓▓▓▓▓▓▓▓▓▓
,,,,,,▓..#....§§§§(.^.^.#
*,,≈*,▓..#....§§@2......#
**,≈*,▓..#..##########..#
,**+**▓.^#.^#,,,,,,,,#§.#
,**,,,▓..#..#,,,,,,,,#2.#
,****,▓..#..#,,,,,,,,#§§#
,,,,,,▓..#.^#,,,,,,,,#§§#
**+***▓..#..#+*******#§§#
⌠,,,≈,▓..#..#,,,......§.#
≈,≈,≈,▓..'..#,,,........#


You could see a reaper (blind) and a friendly scythe of venom.

Vanquished Creatures
  Norris (D)
  Sigmund (D)
  2 liches (D)
  Rupert (D)
  A deep elf master archer (D)
  Polyphemus (D)
  Gastronok (D)
  2 sphinxes (D)
  Chuck (D)
  2 shadow dragons (D)
  4 azure jellies (D)
  Ilsuiw (D)
  Maud (D)
  2 deep elf annihilators (D)
  2 dire elephants (D)
  2 deep elf demonologists (D)
  A deep elf death mage (D)
  A merfolk javelineer (D)
  Erolcha (D)
  A deep elf high priest (D)
  A fire dragon (D)
  A yaktaur captain (D)
  4 mummy priests (D)
  2 hydras (D)
  An ogre mage (D)
  4 dancing weapons (D)
  4 death yaks (D)
  A centaur warrior (D)
  4 orc high priests (D)
  An iron golem (D)
  A deep elf knight (D)
  A skeletal warrior (D)
  A spriggan druid (D)
  4 hell knights (D)
  A sea snake (D)
  A deep elf summoner (D)
  A lindwurm (D)
  A death drake (D)
  A swamp dragon (D)
  2 obsidian statues (D)
  A lindwurm (shapeshifter) (D)
  An orc knight (D)
  An orc sorcerer (D)
  4 crystal guardians (D)
  3 ugly things (D)
  2 elephants (D)
  Edmund (D)
  2 black mambas (D)
  2 spiny frogs (D)
  4 deep elf priests (D)
  A komodo dragon (D)
  A queen bee (D)
  A fire drake (D)
  3 wandering mushrooms (D)
  5 guardian mummies (D)
  2 merfolk (shapeshifter) (D)
  4 spriggan defenders (D)
  8 blink frogs (D)
  A boulder beetle (shapeshifter) (D)
  2 trapdoor spiders (D)
  3 slime creatures (D)
  A redback (shapeshifter) (D)
  2 spriggans (D)
  A shadow (D)
  4 redbacks (D)
  2 hill giants (D)
  A spatial vortex (D)
  2 orc warriors (D)
  3 swamp drakes (D)
  A necrophage (D)
  2 brain worms (D)
  2 two-headed ogres (D)
  A water elemental (D)
  32 killer bees (D)
  A scorpion (D)
  An electric eel (D)
  2 orc priests (D)
  A wizard (D)
  A jelly (D)
  2 necromancers (D)
  3 orc wizards (D)
  3 sheep (D)
  A kobold demonologist (D)
  3 humans (D)
  2 oozes (D)
  2 orcs (D)
  2 rats (D)
  8 bushes (D)
  7 plants (D)
211 creatures vanquished.

Vanquished Creatures (collateral kills)
  A two-headed ogre (D)
  An orc wizard (D)
  5 orcs (D)
7 creatures vanquished.

Vanquished Creatures (others)
  2 draconian scorchers (D)
  3 yaktaurs (D)
  A dancing weapon (D)
  An orc (D)
  6 plants (D)
13 creatures vanquished.

Grand Total: 231 creatures vanquished

Notes
Turn   | Place    | Note
--------------------------------------------------------------
     0 | D        | Kidiri the Spriggan Enchanter began the quest for the Orb.
     0 | D        | Reached XP level 1. HP: 9/9 MP: 5/5
    11 | D        | Reached skill level 5 in Stealth
    11 | D        | Reached XP level 2. HP: 14/14 MP: 7/7
    15 | D        | Learned a level 2 spell: Ensorcelled Hibernation
    31 | D        | Reached skill level 1 in Fighting
    44 | D        | Noticed a scorpion
    57 | D        | Killed a yaktaur
   132 | D        | Killed a scorpion
   132 | D        | Reached skill level 1 in Armour
   132 | D        | Reached skill level 6 in Stealth
   132 | D        | Reached skill level 1 in Ice Magic
   132 | D        | Reached XP level 3. HP: 18/18 MP: 7/9
   143 | D        | Learned a level 3 spell: Confuse
   153 | D        | Learned a level 3 spell: Dazzling Spray
   158 | D        | Reached skill level 5 in Dodging
   158 | D        | Reached XP level 4. HP: 22/22 MP: 7/11
   165 | D        | Learned a level 3 spell: Tukima's Dance
   184 | D        | Gained mutation: Your skin changes colour to match your surroundings (Stealth). [potion of mutation]
   184 | D        | Gained mutation: You regenerate slowly when monsters are visible. [potion of mutation]
   184 | D        | Gained mutation: You are dopey. (Int -2) [potion of mutation]
   186 | D        | Gained mutation: You passively map a small area around you. [potion of mutation]
   186 | D        | Gained mutation: You are resistant to hostile enchantments. [potion of mutation]
   202 | D        | Noticed a water elemental
   204 | D        | Killed a water elemental
   204 | D        | Reached skill level 7 in Stealth
   204 | D        | Reached skill level 5 in Spellcasting
   204 | D        | Reached skill level 1 in Conjurations
   204 | D        | Reached XP level 5. HP: 24/26 MP: 11/13
   212 | D        | Killed a white draconian scorcher
   223 | D        | Noticed a jelly
   224 | D        | Noticed a shadow
   226 | D        | Killed a shadow
   226 | D        | Reached skill level 5 in Short Blades
   226 | D        | Reached skill level 9 in Stealth
   226 | D        | Reached skill level 5 in Hexes
   226 | D        | Reached XP level 6. HP: 30/32 MP: 13/16
   230 | D        | Killed a jelly
   249 | D        | Found a stormy altar of Qazlal.
   250 | D        | Found a sacrificial altar of Ru.
   250 | D        | Found a burning altar of Makhleb.
   250 | D        | Found a viscous altar of Jiyva.
   250 | D        | Found a shimmering altar of Xom.
   250 | D        | Found a shadowy altar of Dithmenos.
   250 | D        | Found a sparkling altar of Nemelex Xobeh.
   250 | D        | Found a corrupted altar of Lugonu.
   250 | D        | Found an opulent altar of Gozag.
   250 | D        | Noticed a spatial vortex
   256 | D        | Became a worshipper of Dithmenos the Shadowed
   277 | D        | Killed a spatial vortex
   277 | D        | Reached skill level 1 in Invocations
   335 | D        | Killed a white draconian scorcher
   404 | D        | Found a radiant altar of Vehumet.
   405 | D        | Found a deep blue altar of Sif Muna.
   405 | D        | Found an ancient bone altar of Kikubaaqudgha.
   405 | D        | Noticed a wizard
   406 | D        | Killed a wizard
   406 | D        | Reached skill level 10 in Stealth
   408 | D        | Reached * piety under Dithmenos
   416 | D        | Learned a level 1 spell: Apportation
   428 | D        | Found a glowing silver altar of Zin.
   429 | D        | Found a glowing golden altar of the Shining One.
   429 | D        | Found a white marble altar of Elyvilon.
   429 | D        | Noticed a deep elf priest
   431 | D        | Killed a deep elf priest
   431 | D        | Reached XP level 7. HP: 36/36 MP: 17/19
   434 | D        | Lost mutation: You are resistant to hostile enchantments. [potion of cure mutation]
   434 | D        | Lost mutation: You are dopey. (Int -2) [potion of cure mutation]
   434 | D        | Lost mutation: Your skin changes colour to match your surroundings (Stealth). [potion of cure mutation]
   434 | D        | Lost mutation: You passively map a small area around you. [potion of cure mutation]
   434 | D        | Lost mutation: You regenerate slowly when monsters are visible. [potion of cure mutation]
   447 | D        | Found an iron altar of Okawaru.
   448 | D        | Found a bloodstained altar of Trog.
   448 | D        | Noticed a human
   448 | D        | Noticed a human
   450 | D        | Killed a human
   450 | D        | Reached skill level 11 in Stealth
   451 | D        | Killed a human
   451 | D        | Reached ** piety under Dithmenos
   451 | D        | Reached skill level 10 in Dodging
   465 | D        | Found a snail-covered altar of Cheibriados.
   465 | D        | Noticed a necrophage
   469 | D        | Noticed a necromancer
   478 | D        | Killed a necromancer
   478 | D        | Reached XP level 8. HP: 31/42 MP: 1/21
   481 | D        | Found a basalt altar of Yredelemnul.
   481 | D        | Found a blossoming altar of Fedhas.
   482 | D        | Killed a necrophage
   592 | D        | Killed a yaktaur
   622 | D        | Noticed a two-headed ogre
   622 | D        | Noticed a two-headed ogre
   628 | D        | Noticed a two-headed ogre
   632 | D        | Killed a two-headed ogre
   637 | D        | Killed a two-headed ogre
   647 | D        | Killed a two-headed ogre
   647 | D        | Reached *** piety under Dithmenos
   772 | D        | Noticed a hill giant
   775 | D        | Killed a hill giant
   780 | D        | Noticed a hill giant
   780 | D        | Noticed Erolcha
   782 | D        | Killed Erolcha
   782 | D        | Reached skill level 12 in Stealth
   782 | D        | Reached skill level 10 in Spellcasting
   782 | D        | Reached XP level 9. HP: 46/46 MP: 22/24
   783 | D        | Killed a hill giant
   789 | D        | Noticed a redback
   799 | D        | Noticed a trapdoor spider
   834 | D        | Killed a trapdoor spider
   834 | D        | Reached skill level 13 in Stealth
   842 | D        | Killed a redback
   842 | D        | Reached **** piety under Dithmenos
   852 | D        | Noticed a trapdoor spider
   855 | D        | Killed a trapdoor spider
  1151 | D        | Noticed a killer bee
  1151 | D        | Noticed a killer bee
  1151 | D        | Noticed a killer bee
  1152 | D        | Noticed a killer bee
  1152 | D        | Noticed a killer bee
  1152 | D        | Noticed a killer bee
  1152 | D        | Noticed a killer bee
  1152 | D        | Noticed a killer bee
  1152 | D        | Noticed a killer bee
  1152 | D        | Noticed a killer bee
  1152 | D        | Noticed a killer bee
  1152 | D        | Noticed a killer bee
  1152 | D        | Noticed a killer bee
  1152 | D        | Noticed a killer bee
  1152 | D        | Noticed a killer bee
  1152 | D        | Noticed a killer bee
  1152 | D        | Noticed a killer bee
  1152 | D        | Noticed a killer bee
  1152 | D        | Noticed a killer bee
  1152 | D        | Noticed a killer bee
  1152 | D        | Noticed a killer bee
  1152 | D        | Noticed a killer bee
  1152 | D        | Noticed a killer bee
  1152 | D        | Noticed a killer bee
  1152 | D        | Noticed a killer bee
  1152 | D        | Noticed a killer bee
  1152 | D        | Noticed a killer bee
  1152 | D        | Noticed a killer bee
  1152 | D        | Noticed a killer bee
  1152 | D        | Noticed a killer bee
  1152 | D        | Noticed a killer bee
  1152 | D        | Noticed a killer bee
  1152 | D        | Noticed a queen bee
  1156 | D        | Killed a killer bee
  1159 | D        | Killed a killer bee
  1160 | D        | Killed a killer bee
  1160 | D        | Reached ***** piety under Dithmenos
  1165 | D        | Killed a killer bee
  1167 | D        | Killed a killer bee
  1167 | D        | Reached skill level 5 in Fighting
  1168 | D        | Killed a killer bee
  1169 | D        | Killed a killer bee
  1171 | D        | Killed a killer bee
  1172 | D        | Killed a killer bee
  1174 | D        | Killed a killer bee
  1364 | D        | Killed a killer bee
  1366 | D        | Killed a killer bee
  1369 | D        | Killed a killer bee
  1369 | D        | Reached skill level 5 in Ice Magic
  1371 | D        | Killed a killer bee
  1374 | D        | Killed a killer bee
  1376 | D        | Killed a killer bee
  1378 | D        | Killed a killer bee
  1380 | D        | Killed a killer bee
  1382 | D        | Killed a killer bee
  1382 | D        | Reached ****** piety under Dithmenos
  1384 | D        | Killed a killer bee
  1384 | D        | Reached skill level 5 in Invocations
  1404 | D        | Killed a yaktaur
  1530 | D        | Killed a killer bee
  1532 | D        | Killed a killer bee
  1532 | D        | Reached skill level 10 in Short Blades
  1534 | D        | Killed a killer bee
  1536 | D        | Killed a killer bee
  1536 | D        | Reached skill level 14 in Stealth
  1538 | D        | Killed a killer bee
  1540 | D        | Killed a killer bee
  1540 | D        | Reached XP level 10. HP: 51/51 MP: 11/26
  1544 | D        | Killed a killer bee
  1546 | D        | Killed a killer bee
  1548 | D        | Killed a killer bee
  1550 | D        | Killed a killer bee
  1682 | D        | Killed a killer bee
  1687 | D        | Killed a killer bee
  1693 | D        | Killed a queen bee
  1847 | D        | Noticed a wandering mushroom
  1848 | D        | Noticed a wandering mushroom
  1848 | D        | Noticed a wandering mushroom
  1849 | D        | Killed a wandering mushroom
  1849 | D        | Reached skill level 5 in Armour
  1860 | D        | Killed a wandering mushroom
  1888 | D        | Killed a wandering mushroom
  2004 | D        | Noticed a spiny frog
  2004 | D        | Noticed a komodo dragon
  2004 | D        | Noticed a spiny frog
  2007 | D        | Killed a spiny frog
  2010 | D        | Killed a komodo dragon
  2011 | D        | Killed a spiny frog
  2012 | D        | Noticed a redback
  2014 | D        | Killed a redback
  2014 | D        | Reached skill level 15 in Stealth
  2015 | D        | Noticed a brain worm
  2018 | D        | Killed a brain worm
  2021 | D        | Noticed a brain worm
  2023 | D        | Killed a brain worm
  2026 | D        | Noticed a lindwurm
  2028 | D        | Noticed a redback
  2029 | D        | Killed a lindwurm
  2029 | D        | Reached skill level 5 in Conjurations
  2031 | D        | Killed a redback
  2035 | D        | Noticed a redback
  2036 | D        | Killed a redback
  2037 | D        | Noticed Maud
  2039 | D        | Killed Maud
  2039 | D        | Reached XP level 11. HP: 56/56 MP: 28/28
  2042 | D        | Noticed an electric eel
  2043 | D        | Noticed an eight-headed hydra
  2043 | D        | Noticed a seven-headed hydra
  2044 | D        | Killed an electric eel
  2046 | D        | Killed an eight-headed hydra
  2046 | D        | Reached skill level 16 in Stealth
  2046 | D        | Reached skill level 1 in Translocations
  2047 | D        | Killed a seven-headed hydra
  2047 | D        | Reached skill level 10 in Hexes
  2085 | D        | Noticed a death drake
  2088 | D        | Killed a death drake
  2095 | D        | Found a blossoming altar of Fedhas.
  2095 | D        | Noticed a spriggan
  2095 | D        | Noticed a spriggan druid
  2095 | D        | Noticed a spriggan
  2097 | D        | Killed a spriggan druid
  2098 | D        | Killed a spriggan
  2098 | D        | Reached skill level 15 in Dodging
  2099 | D        | Killed a spriggan
  2279 | D        | Noticed a swamp drake
  2282 | D        | Killed a swamp drake
  2293 | D        | Noticed a swamp drake
  2295 | D        | Found Ului's Book Emporium.
  2295 | D        | Found Mujodig's Antique Weapon Shop.
  2296 | D        | Killed a swamp drake
  2297 | D        | Found Vaolitt's Food Shoppe.
  2297 | D        | Noticed a swamp dragon
  2299 | D        | Killed a swamp dragon
  2308 | D        | Noticed a swamp dragon
  2361 | D        | Noticed a swamp drake
  2361 | D        | Noticed a fire drake
  2362 | D        | Killed a fire drake
  2364 | D        | Killed a swamp drake
  2372 | D        | Noticed a blink frog
  2373 | D        | Noticed a blink frog
  2373 | D        | Noticed a blink frog
  2373 | D        | Noticed a blink frog
  2373 | D        | Noticed a blink frog
  2377 | D        | Killed a blink frog
  2377 | D        | Killed a blink frog
  2380 | D        | Killed a blink frog
  2380 | D        | Killed a blink frog
  2383 | D        | Killed a blink frog
  2383 | D        | Reached skill level 17 in Stealth
  2498 | D        | Noticed Rupert
  2500 | D        | Killed Rupert
  2500 | D        | Reached skill level 5 in Translocations
  2521 | D        | Noticed a death yak
  2522 | D        | Noticed a death yak
  2522 | D        | Noticed a blink frog
  2524 | D        | Noticed a death yak
  2527 | D        | Noticed a blink frog
  2528 | D        | Noticed a blink frog
  2529 | D        | Noticed a death yak
  2529 | D        | Killed a blink frog
  2533 | D        | Killed a death yak
  2533 | D        | Reached XP level 12. HP: 63/63 MP: 11/31
  2544 | D        | Killed a death yak
  2684 | D        | Noticed a black mamba
  2684 | D        | Noticed a black mamba
  2686 | D        | Killed a blink frog
  2690 | D        | HP: 2/63 [death yak (18)]
  3003 | D        | Killed a black mamba
  3014 | D        | Killed a black mamba
  3022 | D        | Killed a death yak
  3170 | D        | Killed a blink frog
  3170 | D        | Reached skill level 18 in Stealth
  3174 | D        | Killed a death yak
  3277 | D        | Noticed an azure jelly
  3277 | D        | Noticed an azure jelly
  3357 | D        | Noticed Polyphemus
  3358 | D        | Noticed Ilsuiw
  3359 | D        | Killed Polyphemus
  3413 | D        | Killed Ilsuiw
  3573 | D        | Noticed a sea snake
  3575 | D        | Found Kuschir's Distillery.
  3575 | D        | Found Jaimyg's Book Boutique.
  3576 | D        | Killed a sea snake
  3576 | D        | Reached skill level 15 in Spellcasting
  3595 | D        | Found Jaqetoc's Antique Weapon Emporium.
  3596 | D        | Noticed a merfolk javelineer
  3598 | D        | Killed a merfolk javelineer
  3617 | D        | Got a barnacled rune of Zot
  3686 | D        | Noticed an azure jelly
  3686 | D        | Noticed an azure jelly
  3687 | D        | Noticed an elephant
  3687 | D        | Noticed an elephant
  3687 | D        | Noticed a dire elephant
  3687 | D        | Noticed a dire elephant
  3687 | D        | Noticed Gastronok
  3689 | D        | Killed Gastronok
  3689 | D        | Reached skill level 19 in Stealth
  3690 | D        | Killed a dire elephant
  3692 | D        | Killed a dire elephant
  3695 | D        | Killed an elephant
  3698 | D        | Killed an elephant
  3698 | D        | Reached XP level 13. HP: 68/68 MP: 30/33
  3948 | D        | Noticed an orc high priest
  3949 | D        | Noticed an orc wizard
  3949 | D        | Noticed an orc wizard
  3949 | D        | Noticed an orc knight
  3949 | D        | Noticed an orc warrior
  3949 | D        | Noticed an orc wizard
  3949 | D        | Noticed an orc warrior
  3949 | D        | Noticed an orc wizard
  3949 | D        | Noticed an orc sorcerer
  3949 | D        | Noticed an orc high priest
  3949 | D        | Found Zech's Food Shop.
  3951 | D        | Killed an orc high priest
  3955 | D        | Killed an orc warrior
  3958 | D        | Killed an orc sorcerer
  3958 | D        | Killed an orc wizard
  3959 | D        | Killed an orc warrior
  3960 | D        | Killed an orc wizard
  3962 | D        | Killed an orc knight
  3964 | D        | Killed an orc wizard
  3968 | D        | Killed an orc high priest
  3975 | D        | Killed an orc wizard
  4176 | D        | Killed an azure jelly
  4387 | D        | Killed an azure jelly
  4496 | D        | Killed an azure jelly
  4496 | D        | Reached skill level 15 in Short Blades
  4496 | D        | Reached skill level 20 in Stealth
  4497 | D        | Killed an azure jelly
  4552 | D        | Bought an ichor-stained rapier for 162 gold pieces
  4552 | D        | Identified the +7 rapier of Wacawudd {antimagic, rPois rF+ rN+ SInv} (You bought it in a shop in the Dungeon)
  4554 | D        | Bought a book of Clouds for 495 gold pieces
  4554 | D        | Bought a book of Spatial Translocations for 715 gold pieces
  4557 | D        | Learned a level 2 spell: Blink
  4560 | D        | Learned a level 2 spell: Shroud of Golubria
  4565 | D        | Learned a level 4 spell: Passage of Golubria
  4569 | D        | Learned a level 3 spell: Mephitic Cloud
  4576 | D        | Learned a level 6 spell: Freezing Cloud
  4583 | D        | Learned a level 6 spell: Poisonous Cloud
  4747 | D        | Bought a bloodstained short sword for 224 gold pieces
  4747 | D        | Identified the +5 short sword of Kismet {pierce, rElec rC+} (You bought it in a shop in the Dungeon)
  4959 | D        | Noticed a deep elf priest
  4959 | D        | Noticed a deep elf priest
  4959 | D        | Noticed a deep elf summoner
  4959 | D        | Noticed a deep elf knight
  4959 | D        | Noticed a deep elf priest
  4972 | D        | Killed a deep elf summoner
  4979 | D        | Killed a deep elf priest
  4979 | D        | Reached skill level 1 in Charms
  4982 | D        | Killed a deep elf knight
  4982 | D        | Reached skill level 10 in Translocations
  5001 | D        | Killed a deep elf priest
  5007 | D        | Killed a deep elf priest
  5021 | D        | Noticed a deep elf demonologist
  5023 | D        | Noticed a deep elf high priest
  5134 | D        | Noticed a deep elf demonologist
  5137 | D        | Noticed a deep elf death mage
  5138 | D        | Noticed a deep elf annihilator
  5240 | D        | Noticed a deep elf annihilator
  5581 | D        | Killed a deep elf annihilator
  5581 | D        | Reached skill level 1 in Air Magic
  5581 | D        | Reached skill level 1 in Poison Magic
  5610 | D        | Noticed a deep elf master archer
  5920 | D        | Killed a deep elf demonologist
  5930 | D        | Killed a deep elf annihilator
  6068 | D        | Got a warped gossamer ring
  6071 | D        | Identified the ring "Newidun" {*Drain MR+++ MP+9 Str+4 Stlth+} (You took it off a deep elf annihilator in the Dungeon)
  6353 | D        | Killed a deep elf death mage
  6463 | D        | Killed a deep elf demonologist
  6465 | D        | Killed a deep elf master archer
  6741 | D        | Got an encrusted cloak
  6747 | D        | Identified the +0 cloak of Heresy {+Inv rF+ rN+ Int-4} (You found it in the Dungeon)
  6750 | D        | Identified the Almanac of Good Luck and the Escort
  6907 | D        | Killed a deep elf high priest
  6925 | D        | Got a twitching granite ring
  7006 | D        | Identified the cursed ring "Ugufong" {rPois Int+5 Dex-3} (You took it off a deep elf high priest in the Dungeon)
  7062 | D        | Noticed Sigmund
  7062 | D        | Noticed Edmund
  7066 | D        | Killed Sigmund
  7066 | D        | Reached skill level 21 in Stealth
  7066 | D        | Reached XP level 14. HP: 75/75 MP: 36/36
  7067 | D        | Killed Edmund
  7074 | D        | Noticed an orc priest
  7074 | D        | Noticed an orc high priest
  7075 | D        | Noticed an orc high priest
  7075 | D        | Noticed an orc priest
  7076 | D        | Killed an orc high priest
  7076 | D        | Reached skill level 5 in Charms
  7077 | D        | Killed an orc priest
  7079 | D        | Killed an orc high priest
  7080 | D        | Killed an orc priest
  7203 | D        | Noticed a spriggan defender
  7204 | D        | Noticed a spriggan defender
  7204 | D        | Noticed a spriggan defender
  7204 | D        | Noticed a spriggan defender
  7207 | D        | Killed a spriggan defender
  7208 | D        | Killed a spriggan defender
  7210 | D        | Killed a spriggan defender
  7211 | D        | Killed a spriggan defender
  7294 | D        | Noticed a purple ugly thing
  7296 | D        | Noticed a green ugly thing
  7296 | D        | Noticed a redback
  7298 | D        | Killed a purple ugly thing
  7301 | D        | Killed a green ugly thing
  7304 | D        | Killed a redback
  7308 | D        | Noticed a white ugly thing
  7311 | D        | Killed a white ugly thing
  7314 | D        | Got a coiled bronze ring
  7316 | D        | Identified the ring "Lonlim" {*Corrode +Blink rPois Str+2 SInv} (You found it in the Dungeon)
  7328 | D        | Noticed a slime creature
  7328 | D        | Noticed a lindwurm
  7331 | D        | Killed a lindwurm
  7335 | D        | Killed a slime creature
  7366 | D        | Noticed a centaur warrior
  7370 | D        | Killed a centaur warrior
  7378 | D        | Noticed a merfolk
  7381 | D        | Killed a merfolk
  7394 | D        | Noticed a fire dragon
  7398 | D        | Killed a fire dragon
  7410 | D        | Noticed a battleaxe of electrocution
  7410 | D        | Noticed a hand axe of electrocution
  7410 | D        | Noticed a trident of venom
  7411 | D        | Noticed a dire flail of holy wrath
  7412 | D        | Killed a hand axe of electrocution
  7414 | D        | Killed a dire flail of holy wrath
  7416 | D        | Killed a battleaxe of electrocution
  7418 | D        | Killed a trident of venom
  7423 | D        | Got an ancient rapier
  7424 | D        | Identified the +1 rapier of the Hidden Vale {pierce, Str+3} (You found it in the Dungeon)
  7452 | D        | Noticed a yaktaur captain
  7452 | D        | Noticed an anubis guard
  7456 | D        | an anubis guard changed into a merfolk
  7465 | D        | Killed a yaktaur captain
  7727 | D        | Noticed Chuck
  7732 | D        | Killed Chuck
  7732 | D        | Reached skill level 22 in Stealth
  7751 | D        | Got a translucent cloak
  7753 | D        | Got a bloodstained hand crossbow
  7777 | D        | Identified the +0 cloak "Veed" {rPois} (You found it in the Dungeon)
  7803 | D        | Learned a level 2 spell: Repel Missiles
  7808 | D        | Learned a level 4 spell: Cause Fear
  7818 | D        | Noticed Norris
  7821 | D        | Killed Norris
  7827 | D        | Noticed a boulder beetle
  7829 | D        | Killed a boulder beetle
  7836 | D        | Noticed a slime creature
  7837 | D        | Noticed a lich
  7838 | D        | Killed a slime creature
  7841 | D        | Killed a lich
  7841 | D        | Reached skill level 5 in Poison Magic
  7841 | D        | Reached skill level 5 in Evocations
  7853 | D        | Noticed a slime creature
  7855 | D        | Noticed an ogre mage
  7855 | D        | Noticed a shadow dragon
  7855 | D        | Killed a slime creature
  7856 | D        | Noticed a shadow dragon
  7858 | D        | Killed a shadow dragon
  7858 | D        | Reached skill level 5 in Air Magic
  7859 | D        | Killed a shadow dragon
  7860 | D        | Killed an ogre mage
  7860 | D        | Reached skill level 10 in Fighting
  7867 | D        | Noticed an obsidian statue
  7879 | D        | Killed an obsidian statue
  7977 | D        | Noticed an obsidian statue
  7985 | D        | Killed an obsidian statue
  7994 | D        | Found Bailaoja's General Store.
  7994 | D        | Found Asausami's Antique Weapon Shop.
  7994 | D        | Found Didd's Jewellery Shoppe.
  7994 | D        | Found Iniseh's Antique Armour Boutique.
  7994 | D        | Found Plog's Antique Armour Emporium.
  7994 | D        | Found Ozuff's Distillery.
  7994 | D        | Found Ginn's Food Emporium.
  7994 | D        | Found Xaikofaq's Magic Scroll Boutique.
  7995 | D        | Found Copei's Book Boutique.
  7995 | D        | Found Feanoum's Gadget Shoppe.
  7995 | D        | Found Joylais's Food Shop.
  7995 | D        | Found Qiamicw's Gadget Emporium.
  8013 | D        | Bought a scroll of identify for 22 gold pieces
  8020 | D        | Bought a scroll of identify for 26 gold pieces
  8020 | D        | Bought a scroll of identify for 26 gold pieces
  8020 | D        | Bought a scroll of identify for 26 gold pieces
  8020 | D        | Bought 2 scrolls of identify for 52 gold pieces
  8043 | D        | Bought a scroll of enchant armour for 97 gold pieces
  8063 | D        | Noticed a crystal guardian
  8063 | D        | Noticed a crystal guardian
  8063 | D        | Noticed a crystal guardian
  8063 | D        | Noticed a crystal guardian
  8064 | D        | Killed a crystal guardian
  8067 | D        | Killed a crystal guardian
  8070 | D        | Killed a crystal guardian
  8073 | D        | Killed a crystal guardian
  8178 | D        | Noticed a skeletal warrior
  8179 | D        | Noticed an iron golem
  8180 | D        | Killed an iron golem
  8181 | D        | Killed a skeletal warrior
  8198 | D        | Noticed a necromancer
  8201 | D        | Killed a necromancer
  8201 | D        | Reached skill level 10 in Ice Magic
  8221 | D        | Noticed a hell knight
  8221 | D        | Noticed a hell knight
  8222 | D        | Noticed a hell knight
  8222 | D        | Noticed a hell knight
  8223 | D        | Killed a hell knight
  8224 | D        | Killed a hell knight
  8224 | D        | Reached skill level 23 in Stealth
  8226 | D        | Killed a hell knight
  8227 | D        | Killed a hell knight
  8227 | D        | Reached XP level 15. HP: 80/80 MP: 38/38
  8302 | D        | Noticed a lich
  8304 | D        | Killed a lich
  8363 | D        | Noticed a sphinx
  8363 | D        | Noticed a sphinx
  8373 | D        | Killed a sphinx
  8379 | D        | Killed a sphinx
  8449 | D        | Noticed a guardian mummy
  8450 | D        | Noticed a mummy priest
  8452 | D        | Killed a guardian mummy
  8453 | D        | Noticed a guardian mummy
  8453 | D        | Noticed a mummy priest
  8454 | D        | Killed a mummy priest
  8456 | D        | Killed a mummy priest
  8460 | D        | Killed a guardian mummy
  8519 | D        | Noticed a mummy priest
  8521 | D        | Killed a mummy priest
  8582 | D        | Noticed a guardian mummy
  8582 | D        | Noticed a guardian mummy
  8582 | D        | Noticed a guardian mummy
  8582 | D        | Noticed a mummy priest
  8584 | D        | Killed a guardian mummy
  8599 | D        | Killed a guardian mummy
  8634 | D        | Killed a guardian mummy
  8636 | D        | Killed a mummy priest
  8659 | D        | Mangled by a reaper

Action                   |  1- 3 |  4- 6 |  7- 9 | 10-12 | 13-15 || total
-------------------------+-------+-------+-------+-------+-------++-------
Melee: Dagger            |     8 |    17 |    72 |   312 |    11 ||   420
       Short sword       |       |       |       |       |   153 ||   153
Throw: Throwing net      |       |       |     2 |       |     1 ||     3
 Cast: Ensorcelled Hiber |     3 |       |    32 |    15 |     5 ||    55
       Dazzling Spray    |       |     5 |    14 |    63 |   118 ||   200
       Confuse           |       |       |     3 |       |     1 ||     4
       Tukima's Dance    |       |       |     6 |     4 |     6 ||    16
       Apportation       |       |       |       |       |    20 ||    20
       Passage of Golubr |       |       |       |       |     7 ||     7
       Mephitic Cloud    |       |       |       |       |     5 ||     5
       Freezing Cloud    |       |       |       |       |     4 ||     4
       Shroud of Golubri |       |       |       |       |     1 ||     1
Invok: Shadow Step       |       |       |     2 |    12 |     9 ||    23
 Abil: Evoke Invisibilit |       |       |       |       |     3 ||     3
Evoke: Wand              |       |       |       |     1 |       ||     1
  Use: Potion            |       |     3 |     3 |     1 |     1 ||     8
       Scroll            |       |     2 |       |       |    11 ||    13
 Stab: Sleeping          |     5 |     6 |    22 |    44 |    53 ||   130
       Invisible         |       |       |     8 |     7 |     7 ||    22
       Confused          |       |       |     1 |       |     3 ||     4
       Held in net/web   |       |       |     2 |       |     1 ||     3
  Eat: Bread ration      |       |       |       |     1 |     1 ||     2
